 Dungeon Crawl Stone Soup version 0.29.1-1-gd02db6906a (webtiles) character file.

Game seed: 5355326207980996816

84 hawla the Firebug (level 5, -9/39 HPs)
             Began as a Meteoran Fire Elementalist on Oct 1, 2022.
             Engulfed by a cloud of flame (13 damage)
             ... on level 2 of the Dungeon.
             The game lasted 00:06:00 (1162 turns).

hawla the Firebug (Meteoran Fire Elementalist)      Turns: 1162, Time: 00:06:00

Health: -9/39      AC:  2    Str:  9    XL:     5   Next: 4%
Magic:  3/10       EV: 12    Int: 19    God:
Gold:   70         SH:  0    Dex: 14    Spells: 4/10 levels left

rFire   . . .      SeeInvis .   g - +0 flail
rCold   . . .      Faith    .   (no shield)
rNeg    . . .      Spirit   .   a - +0 robe
rPois   .          Reflect  .   (no helmet)
rElec   .          Harm     .   (no cloak)
rCorr   .          Rampage  .   (no gloves)
Will    .....                   (no boots)
Stlth   +.........              (no amulet)
HPRegen 0.13/turn               (no ring)
MPRegen 0.12/turn               (no ring)

@: glowing
A: sense surroundings 1, otherworldly, glowing, explore regen
a: no special abilities


You were on level 2 of the Dungeon.
You visited 1 branch of the dungeon, and saw 3 of its levels.

You collected 70 gold pieces.

Inventory:

Hand Weapons
 g - a +0 flail (weapon)
Armour
 a - a +0 robe (worn)
Wands
 l - a wand of charming (10)
Scrolls
 c - a scroll of amnesia
 f - a scroll of summoning {unknown}
 h - a scroll of vulnerability {unknown}
 i - a scroll of enchant armour {unknown}
 j - a scroll of fear {unknown}
Potions
 b - a potion of magic
 d - a potion of might
 e - 2 potions of flight
 k - a potion of lignification {unknown}
 m - 2 potions of heal wounds {unknown}
 n - a potion of berserk rage {unknown}


   Skills:
 + Level 0.3 Fighting
 + Level 0.8 Maces & Flails
 + Level 2.7 Dodging
 - Level 1.4 Stealth
 + Level 3.0 Spellcasting
 + Level 1.4 Conjurations
 + Level 0.7 Hexes
 + Level 5.4 Fire Magic


You had 4 spell levels left.
You knew the following spells:

 Your Spells              Type           Power      Damage    Failure   Level
a - Foxfire               Conj/Fire      64%        2x1d7     3%          1
b - Scorch                Fire           46%        2d7       2%          2
c - Inner Flame           Hex/Fire       14%        N/A       13%         3

Your spell library contained the following spells:

 Spells                   Type           Power      Damage    Failure   Level
 Conjure Flame            Conj/Fire      16%        6-21      11%         3
 Flame Wave               Conj/Fire      16%        2d7       36%         4


Dungeon Overview and Level Annotations

Branches:
Dungeon (3/15) Zot: 627

Altars:


Innate Abilities, Weirdness & Mutations

You passively map a small area around you.
You are easily found by Zot.
You glow in the dark.
You regain HP and MP as you explore.


Message History

The orc is filled with an inner flame.
An orc wizard comes into view. It is wielding a +0 dagger.
Casting: Inner Flame (quite dangerous; 13% risk of failure)
Confirm with . or Enter, or press ? or * to list all spells.
You conjure some foxfire!
The orc hits you but does no damage.
Casting: Foxfire (safe; 3% risk of failure)
Confirm with . or Enter, or press ? or * to list all spells.
Flames lash the orc.
You kill the orc!
The foxfire hits the orc.
The orc is almost dead.
The foxfire hits the orc.
You kill the orc!
An adder comes into view.
You have reached level 5!
Casting: Scorch (safe; 2% risk of failure)
Confirm with . or Enter, or press ? or * to list all spells.
You conjure some foxfire!
The foxfire hits the orc.
Flame seeps out of the orc.
The orc is moderately wounded.
The foxfire hits the orc.
Flame seeps out of the orc.
The orc is almost dead.
You climb upwards.
There is a stone staircase leading down here.
The orc hits you with a +0 short sword. The orc attacks as you move away!
The orc barely misses you. The orc attacks as you move away!
The orc barely misses you. The orc attacks as you move away!
The orc misses you. The orc attacks as you move away!
The orc hits you but does no damage. The orc attacks as you move away!
The orc hits you with a +0 short sword. The orc attacks as you move away!
The orc barely misses you. The orc attacks as you move away!
The orc hits you with a +0 short sword.
Casting: Foxfire (safe; 3% risk of failure)
Confirm with . or Enter, or press ? or * to list all spells.
Flames lash the orc.
The orc explodes!
The fiery explosion engulfs you!!
Ouch! That really hurt!
* * * LOW HITPOINT WARNING * * *
You are engulfed in blazing flames.
You die...

#.# #.# #.# #.. #.# #.# #.# ###
#.# #.########.# #.# #.##....##.#
#######.# #.##....##.# .....##.#
#.##....##.# .....##.#
#.##....##.#
.....##.########§##....##.#######
.....##.#.......@§.....##........
.....##.#.#####.###....##########
.....##.#.# #..# #..÷.#
.....##.#.####.## ###.##
......#.#.#....# #.#
.####.#.#.#.#### #.#
........#.#.# #.# #.###.###.#.#
#.# #..##.###...# #.#


There were no monsters in sight!

Vanquished Creatures
  3 adders (D:2)
  A worm (D:2)
  A dart slug (D:2)
  3 orcs
  2 endoplasms (D:1)
  4 giant cockroaches
  4 goblins
  4 hobgoblins
  4 jackals
  5 quokkas
  4 ball pythons
  5 bats
  4 frilled lizards
  3 rats
47 creatures vanquished.

Vanquished Creatures (others)
  59 foxfires
59 creatures vanquished.

Grand Total: 106 creatures vanquished

Notes
Turn   | Place    | Note
-------+----------+-------------------------------------------
     0 | D:1      | hawla the Meteoran Fire Elementalist began the quest for
                  | the Orb.
     0 | D:1      | Reached XP level 1. HP: 14/14 MP: 5/5
   161 | D:1      | Reached skill level 4 in Fire Magic
   161 | D:1      | Reached XP level 2. HP: 20/20 MP: 4/6
   164 | D:1      | Learned a level 2 spell: Scorch
   495 | D:1      | Reached XP level 3. HP: 26/26 MP: 2/8
   498 | D:1      | Glimpsed the power of Zot.
   661 | D:2      | Reached XP level 4. HP: 28/33 MP: 6/9
   665 | D:2      | Learned a level 3 spell: Inner Flame
   807 | D:2      | Reached skill level 5 in Fire Magic
  1089 | D:2      | Glimpsed the power of Zot.
  1140 | D:3      | Reached XP level 5. HP: 39/39 MP: 3/10
  1162 | D:2      | Engulfed by a cloud of flame

Illustrated notes

Levels and vault maps discovered:
D:1:      moated_graveyard_arrival, layout_loops_corners,
          shapermc_ecumenical_altar_mp_urbaneastern, item_on_display_a
D:2:      layout_basic
D:3:      layout_rooms, good_gods_temple_1

Skill      XL: |  1  2  3  4 |
---------------+-------------+-----
Fire Magic     | 4 5 |  5.4
Spellcasting   | 3 |  3.0
Fighting       | |  0.3
Maces & Flails | |  0.8
Dodging        | |  2.7
Stealth        | |  1.4
Conjurations   | |  1.4
Hexes          | |  0.7

Action                   |  1- 3 |  4- 6 || total
-------------------------+-------+-------++-------
Melee: Flail             |    15 |    12 ||    27
 Cast: Foxfire           |    25 |    17 ||    42
       Scorch            |     9 |    10 ||    19
       Inner Flame       |       |     4 ||     4
  Use: Scroll            |     3 |       ||     3
Armor: Robe              |    13 |    12 ||    25
Dodge: Dodged            |    24 |    28 ||    52
